Map: Overgrowth LE (Void)

Players

TurnB - Winner!

  • Race: Protoss Protoss
  • League: Silver
  • Spawn Location: 1:00

A.I. 1 (Harder)

  • Race: Zerg Zerg
  • Spawn Location: 7:00

VOD

https://www.youtube.com/watch?v=T21HTYD7zPw

Description

PvZ All Adetp+ 7Gate

Time

  • Played on: Jan. 17, 2017, 3:09 a.m.
  • Length: 8:10
Show
View Real Time Build Order
Export as new Build Order

TurnB Protoss - Winner!

Build Orders: 1 Gate Expand 

Get SALT Encoding   

  12  0:03  Probe (Chrono Boost)  
  13  0:13  Probe (Chrono Boost)  
  14  0:21  Pylon  
  14  0:24  Probe (Chrono Boost)  
  15  0:39  Probe (Chrono Boost)  
  15  0:42  Gateway  
  16  0:50  Probe (Chrono Boost)  
  17  1:01  Probe (Chrono Boost)  
  18  1:05  Assimilator  
  18  1:18  Nexus  
  18  1:32  Cybernetics Core  
  18  1:41  Assimilator  
  18  1:42  Probe (Chrono Boost)  
  19  1:52  Probe (Chrono Boost), Pylon  
  20  2:00  Zealot  
  22  2:03  Probe (Chrono Boost)  
  23  2:14  Probe (Chrono Boost)  
  24  2:16  Gateway  
  24  2:24  Probe (Chrono Boost)  
  25  2:31  Probe (Chrono Boost)  
  25  2:35  Mothership Core (Chrono Boost)  
  28  2:41  Twilight Council  
  28  2:42  Probe (Chrono Boost)  
  29  2:55  Probe x2 (Chrono Boost)  
  31  3:02  Pylon  
  31  3:03  Pylon  
  32  3:05  Probe (Chrono Boost)  
  32  3:06  Probe (Chrono Boost)  
  32  3:12  Warp Gate  
  35  3:20  Adept x2  
  35  3:22  Resonating Glaives  
  37  3:27  Probe x2 (Chrono Boost)  
  39  3:40  Probe x2 (Chrono Boost)  
  41  3:54  Probe x2 (Chrono Boost)  
  43  4:09  Gateway x2  
  43  4:12  Probe x2 (Chrono Boost)  
  43  4:13  Gateway  
  43  4:14  Pylon  
  45  4:19  Robotics Facility  
  46  4:24  Probe (Chrono Boost)  
  46  4:37  Adept x2  
  50  4:51  Gateway  
  50  4:52  Gateway  
  50  4:55  Gateway  
  50  4:57  Gateway  
  50  5:06  Warp Prism  
  52  5:19  Adept x2  
  52  5:20  Adept x3  
  62  5:27  Pylon  
  62  5:29  Pylon  
  62  5:32  Pylon  
  62  6:04  Forge  
  62  6:08  Adept  
  62  6:09  Adept x2  
  62  6:10  Adept x3  
  62  6:11  Adept x2  
  78  6:32  Adept x2  
  82  6:33  Adept x3  
  88  6:53  Adept  
  88  6:54  Adept x2  
  94  7:06  Adept x2  
  94  7:07  Adept x2  
  94  7:08  Adept  
  90  7:23  Adept x2  
  90  7:25  Adept  
  86  7:47  Adept x3  
  86  7:48  Adept  
Show
View Real Time Build Order
Export as new Build Order

A.I. 1 (Harder) Zerg 

Build Orders: Hatch First 

Get SALT Encoding   

  12  0:00  Drone  
  13  0:12  Overlord  
  13  0:17  Drone  
  14  0:30  Drone x2  
  14  0:34  Drone  
  17  0:54  Hatchery, Drone  
  17  1:10  Spawning Pool  
  17  1:11  Drone  
  17  1:14  Drone  
  17  1:17  Extractor  
  17  1:20  Drone  
  18  1:27  Overlord  
  18  1:38  Drone  
  19  1:57  Queen  
  19  2:00  Zergling x4  
  23  2:02  Roach Warren  
  23  2:03  Extractor  
  23  2:06  Drone  
  22  2:10  Drone  
  23  2:20  Lair  
  23  2:26  Drone  
  24  2:53  Extractor  
  24  2:56  Drone, Extractor  
  23  3:00  Drone  
  24  3:20  Hydralisk Den, Drone  
  24  3:46  Roach  
  26  3:49  Overlord  
  26  3:50  Lurker Den  
  26  3:57  Roach  
  28  4:07  Drone x2  
  28  4:08  Drone x3, Overlord, Roach  
  28  4:09  Drone x2  
  37  4:13  Drone  
  38  4:18  Roach  
  40  4:26  Drone  
  40  4:28  Hydralisk  
  40  4:29  Overlord  
  43  4:33  Drone  
  44  4:39  Hydralisk  
  46  4:51  Roach  
  48  4:53  Overlord  
  48  5:01  Roach  
  50  5:07  Drone  
  50  5:10  Drone  
  50  5:12  Drone, Roach  
  55  5:17  Overlord  
  55  5:21  Drone  
  55  5:23  Roach  
  55  5:24  Drone  
  55  5:27  Drone  
  60  5:32  Drone  
  61  5:37  Hydralisk  
  61  5:38  Evolution Chamber  
  62  5:43  Drone x2  
  62  5:45  Drone  
  62  5:47  Drone  
  62  5:48  Hydralisk  
  68  5:54  Overlord  
  68  5:59  Drone  
  69  6:05  Drone, Zerg Melee Weapons Level 1  
  69  6:10  Drone  
  71  6:14  Burrow, Drone  
  71  6:16  Drone  
  71  6:18  Drone  
  74  6:20  Drone  
  74  6:23  Overlord  
  75  6:28  Drone  
  75  6:31  Drone  
  77  6:38  Drone  
  78  6:42  Drone  
  78  6:46  Drone, Overlord, Roach  
  82  6:50  Drone  
  81  6:55  Hydralisk  
  63  7:03  Queen  
  63  7:06  Roach  
  58  7:09  Hydralisk  
  42  7:18  Drone  
  42  7:20  Drone, Roach  
  42  7:27  Drone  
  42  7:28  Drone x2  
  33  7:30  Drone  
  33  7:34  Roach  
  33  7:35  Drone  
  35  7:41  Roach  
  30  7:44  Drone  
  30  7:47  Roach x3  
Tags
 
Add a new tag
Caveats
  • Supply blocks, unpowered buildings, or Contaminate may cause inaccurate times.
  • Supply counts are checked every 10 seconds.